 Dungeon Crawl Stone Soup version 0.31.0 (webtiles) character file.

Game seed: 10432153951537868560

31 qw the Shooter (level 3, -1/21 HPs)
             Began as a Gargoyle Hunter on Jan 19, 2024.
             Slain by Grinder (7 damage)
             ... on level 2 of the Dungeon.
             The game lasted 00:00:04 (1528 turns).

qw the Shooter (Gargoyle Hunter)                    Turns: 1528, Time: 00:00:05

Health: -1/21      AC:  9    Str: 14    XL:     3   Next: 22%
Magic:  3/3        EV: 10    Int:  9    God:
Gold:   84         SH:  0    Dex: 15    Spells: 2/2 levels left

rFire   . . .        a - +0 shortbow
rCold   . . .        (shield currently unavailable)
rNeg    + . .        h - +0 ring mail
rPois   inf          (no helmet)
rElec   +            (no cloak)
rCorr   .            f - +0 pair of gloves
SInv    .            (no boots)
Will    .....        (no amulet)
Stlth   +            (no ring)
HPRegen 0.23/turn    (no ring)
MPRegen 0.08/turn

%: no passive effects
@: no status effects
A: sickness immunity, AC +3, negative energy resistance 1, electricity
resistance, torment resistance 1, petrification resistance
a: no special abilities


You were on level 2 of the Dungeon.
You visited 1 branch of the dungeon, and saw 3 of its levels.

You collected 84 gold pieces.


Innate Abilities, Weirdness & Mutations

You are immune to sickness and miasma.
Your stone body is resilient. (AC +3)
You are immune to poison.
You resist negative energy. (rN+)
You are resistant to electric shocks. (rElec)
You are resistant to unholy torment.
You are immune to petrification.


   Skills:
 - Level 2.1 Fighting
 + Level 4.9 Ranged Weapons
 - Level 1.0 Armour
 - Level 1.5 Dodging
 - Level 1.1 Stealth


You had 2 spell levels left.
You didn't know any spells.
Your spell library was empty.

Inventory:

Hand Weapons
 a - a +0 shortbow (weapon)
Armour
 f - a +0 pair of gloves (worn)
 h - a +0 ring mail (worn)
Potions
 b - a potion of heal wounds
 g - a potion of resistance
 i - a potion of curing

Dungeon Overview and Level Annotations

Branches:
Dungeon (3/15)

Altars:

Shops:
D:1 =   D:2 (   D:3 (

Annotations:
D:2 Grinder


Message History

The kobold hits you but does no damage. Grinder barely misses you.
A quokka comes into view.
The kobold barely misses you. Grinder closely misses you.
1517 ||| STAIRDANCE The kobold closely misses you.
Grinder barely misses you.
You climb upwards.
There is a stone staircase leading down here.
You shoot an arrow. The arrow hits Grinder.
Grinder is moderately wounded.
The kobold closely misses you. Grinder gestures at you.
Pain shoots through your body!
You shoot an arrow. The arrow completely misses Grinder.
The kobold closely misses you.
Grinder blinks!
You shoot an arrow.
The arrow hits the kobold but does no damage.
The kobold completely misses you. Grinder gestures at you.
You suddenly lose the ability to move!
The kobold hits you but does no damage. x2
You can move again.
You shoot an arrow. The arrow misses the kobold.
The kobold barely misses you. The kobold hits you but does no damage.
Grinder hits you!
You shoot an arrow. The arrow hits Grinder.
Grinder is heavily wounded.
The kobold barely misses you. Grinder hits you but does no damage.
You shoot an arrow. The arrow hits Grinder.
Grinder is heavily wounded.
The kobold hits you with a +0 whip. Grinder closely misses you.
You shoot an arrow. The arrow hits Grinder.
Grinder is severely wounded.
The kobold hits you but does no damage.
Grinder says, "Tell me all your secrets, or I'll kill you."
Grinder hits you but does no damage.
You shoot an arrow. The arrow closely misses Grinder.
The kobold hits you with a +0 whip. Grinder hits you but does no damage.
The kobold closely misses you. Grinder hits you!
You die...
Grinder says, "Now the real fun starts!"

#...## #.###.###..##.#.###.#.#
##.## #..........##.#.# #...# #.#
###.............# ##### #.#
#.#.###.###.### ##'## #.#.# #.#
#.# #...## #.#.###.###.####
.....## ##.#..##.##...#.## #
......## ##..##.##.##.#..#.# ##
.......####...##@##.##......####.
.......'.......K5..............'.
.......####...##.########...####.
......## ##.###.# ####.## ##
.....## ###...# #....# # #...##
#.### #.#### ##'## #.# #.# ## #.#
#.# #.# ##. #.# #.# #.# ###..


You could see Grinder and a kobold.

Vanquished Creatures
  An adder (D:2)
  2 bats
  2 giant cockroaches (D:2)
  4 goblins
  2 hobgoblins
  A jackal (D:2)
  A quokka (D:2)
  2 frilled lizards (D:1)
  2 kobolds (D:1)
  3 rats
20 creatures vanquished.

Notes
Turn   | Place    | Note
-------+----------+-------------------------------------------
     0 | D:1      | qw the Gargoyle Hunter began the quest for the Orb.
     0 | D:1      | Reached XP level 1. HP: 12/12 MP: 1/1
     0 | D:1      | 0 ||| qw: Version: 0.3-a-132-g3d54051
     0 | D:1      | 0 ||| qw: Game counter: 311
     0 | D:1      | 0 ||| qw: Melee chars always use a shield: true
     0 | D:1      | 0 ||| qw: God list: Okawaru
     0 | D:1      | 0 ||| qw: Allow faded altars: false
     0 | D:1      | 0 ||| qw: Do Orc after clearing Dungeon:15 true
     0 | D:1      | 0 ||| qw: Do second Lair branch before Depths: true
     0 | D:1      | 0 ||| qw: Lair rune preference: random
     0 | D:1      | 0 ||| qw: Goals: Normal
     0 | D:1      | 0 ||| PLANNING D:1-11
   239 | D:1      | Found Ockocs Oshref's Jewellery Shoppe.
   243 | D:1      | 243 ||| SHOPLISTING +5 ring of evasion (468 gold, have 53).
   243 | D:1      | 243 ||| SHOPLISTING amulet of the acrobat (390 gold, have
                  | 53).
   243 | D:1      | 243 ||| SHOPLISTING ring of Zoekaic {^Drain rElec rC+ rN+++
                  | Str-3} (625 gold, have 53).
   243 | D:1      | 243 ||| SHOPLISTING ring of resist corrosion (260 gold,
                  | have 53).
   243 | D:1      | 243 ||| SHOPLISTING ring of willpower (325 gold, have 53).
   424 | D:1      | Reached XP level 2. HP: 13/17 MP: 2/2
   569 | D:1      | 569 ||| UPGRADING to +0 pair of gloves.
   574 | D:1      | 574 ||| UPGRADING to +0 ring mail.
   584 | D:1      | 584 ||| DROPPING +0 leather armour.
   585 | D:1      | 585 ||| READING scroll labelled EBBICREUMAMI.
   586 | D:1      | 586 ||| READING scroll labelled CEOD FETHAE.
   587 | D:1      | 587 ||| DROPPING scroll of butterflies.
   806 | D:2      | 806 ||| FLEEEEING.
   834 | D:2      | Reached skill level 1 in Armour
  1168 | D:2      | Reached XP level 3. HP: 13/21 MP: 3/3
  1168 | D:2      | 1168 ||| FLEEEEING.
  1284 | D:2      | Identified the flux talisman of Xerof {rC+}
  1469 | D:2      | 1469 ||| READING 3 scrolls labelled FEOFON TAAF.
  1469 | D:2      | 1469 ||| IDENTIFYING lumpy black potion
  1470 | D:2      | 1470 ||| READING 2 scrolls of identify.
  1470 | D:2      | 1470 ||| IDENTIFYING blue potion
  1471 | D:2      | 1471 ||| READING scroll of identify.
  1471 | D:2      | 1471 ||| IDENTIFYING ruby potion
  1472 | D:2      | 1472 ||| READING scroll labelled AZUNAHOG PEICSA.
  1473 | D:2      | 1473 ||| FLEEEEING.
  1476 | D:2      | 1476 ||| DRINKING 2 orange potions.
  1477 | D:2      | 1477 ||| DROPPING potion of brilliance.
  1497 | D:3      | Noticed Grinder
  1497 | D:3      | Found Paid's Antique Weapon Shoppe.
  1499 | D:3      | 1499 ||| STAIRDANCE
  1517 | D:3      | 1517 ||| STAIRDANCE
  1521 | D:2      | Paralysed by Grinder for 3 turns
  1528 | D:2      | Slain by Grinder

Levels and vault maps discovered:
D:1:      beargit_arrival_greenhouse, layout_loops_ring, serial_shops,
          nicolae_shop_back_alley_shop
D:2:      layout_loops_corners, kennysheep_generic_room_3
D:3:      layout_rooms, trog_book, serial_shops, shop, uniq_grinder

Skill      XL: |  1  2 |
---------------+-------+-----
Armour         | 1 |  1.0
Fighting       | |  2.1
Ranged Weapons | |  4.9
Dodging        | |  1.5
Stealth        | |  1.1

Action                     || total
---------------------------++-------
   Fire: Shortbow          ||    98
    Use: Scroll            ||     6
         Potion            ||     1
 Armour: Leather armour    ||    11
         Ring mail         ||    49
  Dodge: Dodged            ||    40

Table legend:
 A = Non-vault XP
 B = Vault XP
 C = Vault XP percentage of total XP
 D = Non-vault monster count
 E = Vault monster count
 F = Vault count percentage of total count
                 A         B        C        D         E       F
            +---------+---------+-------+---------+---------+-------
      Total |      41 |       4 |   8.9 |      18 |       2 |  10.0
            +---------+---------+-------+---------+---------+-------
        D:1 |      11 |       0 |   0.0 |       8 |       0 |   0.0
        D:2 |      30 |       4 |  11.8 |      10 |       2 |  16.7
            +---------+---------+-------+---------+---------+-------
